 Dungeon Crawl Stone Soup version 0.28.0-1-gb440e238dd (webtiles) character file.

Game seed: 6406296436346050892

54 Crownlay the Chucker (level 3, -6/35 HPs)
             Began as a Troll Hunter on Feb 20, 2022.
             Mangled by a gnoll (9 damage)
             ... on level 1 of the Dungeon.
             The game lasted 00:02:57 (646 turns).

Crownlay the Chucker (Troll Hunter)                  Turns: 646, Time: 00:02:58

Health: -6/35      AC:  4    Str: 22    XL:     3   Next: 66%
Magic:  0/2        EV:  9    Int:  7    God:
Gold:   41         SH:  0    Dex: 10    Spells: 2/2 levels left

rFire   . . .      SeeInvis .     - Unarmed
rCold   . . .      Faith    .   (no shield)
rNeg    . . .      Spirit   .   b - +0 robe
rPois   .          Reflect  .   (helmet restricted)
rElec   .          Harm     .   (no cloak)
rCorr   .          Rampage  .   (gloves unavailable)
Will    .....                   (boots unavailable)
Stlth   +.........              (no amulet)
HPRegen 0.91/turn               (no ring)
MPRegen 0.08/turn               (no ring)

@: no status effects
A: large, unfitting armour, claws 3, regeneration 1, shaggy fur 1, tough skin 1
a: no special abilities


You were on level 1 of the Dungeon.
You visited 1 branch of the dungeon, and saw 2 of its levels.

You collected 41 gold pieces.

Inventory:

Missiles
 c - 4 large rocks (quivered)
 d - 2 throwing nets
Armour
 b - a +0 robe (worn)
Jewellery
 j - a ring of protection from cold
Scrolls
 a - a scroll of magic mapping {unknown}
 e - a scroll of torment {unknown}
 f - a scroll of holy word {unknown}
 h - a scroll of fear {unknown}
 i - a scroll of immolation {unknown}
Potions
 g - a potion of degeneration {unknown}
 k - a potion of flight {unknown}


   Skills:
 - Level 1.9 Fighting
 * Level 4.4 Throwing
 - Level 1.5 Dodging
 - Level 0.3 Stealth
 * Level 1.5 Unarmed Combat


You had 2 spell levels left.
You didn't know any spells.
Your spell library contained the following spells:

 Spells                   Type           Power      Damage    Failure   Level
 Beastly Appendage        Tmut           0%         N/A       43%         1
 Wereblood                Tmut           0%         N/A       56%         2
 Spider Form              Tmut/Pois      0%         N/A       80%         3


Dungeon Overview and Level Annotations

Branches:
Dungeon (2/15)

Altars:

Shops:
D:1 (


Innate Abilities, Weirdness & Mutations

You are too large for most types of armour.
You have claws for hands.
Your natural rate of healing is unusually fast.
You are covered in fur. (AC +1)
You have tough skin. (AC +1)


Message History

You climb upwards.
There is a stone staircase leading down here.
You scratch the hobgoblin.
The hobgoblin is severely wounded.
The hobgoblin hits you.
You barely miss the hobgoblin.
The hobgoblin is severely wounded.
The hobgoblin closely misses you.
You claw the hobgoblin!
You kill the hobgoblin!
No target in view!
No target in view!
HP restored.
Done exploring.
You climb downwards.
The gnoll completely misses you. The gnoll barely misses you.
The gnoll misses you. The gnoll hits you with a +0 flail!
There is a stone staircase leading up, spattered with blood here.
The gnoll hits you with a +1 antimagic flail!
You feel your power leaking away. The gnoll hits you with a +0 flail.
You climb upwards.
There is a stone staircase leading down here.
You closely miss the gnoll.
The gnoll hits you with a +1 antimagic flail!
* * * LOW HITPOINT WARNING * * *
The gnoll barely misses you.
You are too injured to fight recklessly!
You scratch the gnoll but do no damage.
The gnoll hits you with a +1 antimagic flail.
* * * LOW HITPOINT WARNING * * *
The gnoll hits you with a +0 flail!
* * * LOW HITPOINT WARNING * * *
Throw: 5 large rocks
Press: ? - help, Q - select action, (/) - cycle Shift-Dir - straight line, f - gnoll
Aim: a gnoll, wielding a +0 flail (61% to hit)
You throw a large rock. The large rock hits the gnoll!
You kill the gnoll!
The gnoll hits you with a +1 antimagic flail!
You die...

...##.......##..(....# #.#...
##......######.......# #.#.#.
#.......# #.......# #.#.#.
#.#÷.#..# #.......# #.#.#.
#'##.)..# ####.......# #...#.
'∩+.....###..........# #####'
#+##........###÷###### ###.....
#.......###.#.#(†#########.......
........#.##.##†@g.....>...#.....
........##.⌠⌠#.).###########.....
......÷...#⌠⌠.##.######## #.....
.......^.##.##[#÷#......## ######
##.......#.#.###.÷.......##
.#.......###......÷.......#
.##..........#............#######
.............###................#
..........)......................


You could see a gnoll.

Vanquished Creatures
  An adder (D:1)
  2 gnolls (D:1)
  A worm (D:1)
  A dart slug (D:1)
  3 ball pythons (D:1)
  An endoplasm (D:1)
  A giant cockroach (D:1)
  2 goblins (D:1)
  4 hobgoblins (D:1)
  4 jackals (D:1)
  A quokka (D:1)
  2 bats (D:1)
  2 frilled lizards (D:1)
  2 kobolds
  4 rats (D:1)
31 creatures vanquished.

Notes
Turn   | Place    | Note
-------+----------+-------------------------------------------
     0 | D:1      | Crownlay the Troll Hunter began the quest for the Orb.
     0 | D:1      | Reached XP level 1. HP: 19/19 MP: 0/0
    84 | D:1      | Reached XP level 2. HP: 28/28 MP: 1/1
   101 | D:1      | Reached skill level 4 in Throwing
   178 | D:1      | Found Qahev's Antique Weapon Emporium.
   214 | D:1      | Found a faded altar of an unknown god.
   590 | D:2      | Reached XP level 3. HP: 35/35 MP: 2/2
   599 | D:1      | Reached skill level 1 in Unarmed Combat
   645 | D:1      | HP: 1/35 [gnoll (8)]
   646 | D:1      | Mangled by a gnoll

Illustrated notes

Levels and vault maps discovered:
D:1:      minmay_arrival_stair_chambers, layout_rooms, basic_ecumenical_altar,
          serial_shops, nicolae_shop_behind_doors, roderic_serpentine_path,
          minmay_heptomino_o4
D:2:      layout_basic, grunt_decor_clamped, uniq_robin

Skill      XL: |  1  2  3 |
---------------+----------+-----
Throwing       | 4 |  4.4
Unarmed Combat | 1 |  1.5
Fighting       | |  1.9
Dodging        | |  1.5
Stealth        | |  0.3

Action                   || total
-------------------------++-------
Melee: Unarmed           ||    77
       Punch             ||     1
Throw: Large rock        ||     1
 Stab: Sleeping          ||     1
Armor: Robe              ||    28
Dodge: Dodged            ||    48
